 Dungeon Crawl Stone Soup version 0.20.1-1-g8b1a95d (webtiles) character file.

1664 letownia2 the Reanimator (level 8, -11/64 HPs)
             Began as a Deep Dwarf Necromancer on Dec 27, 2017.
             Was an Initiate of Gozag.
             Killed from afar by a gargoyle (21 damage)
             ... with a stone arrow
             ... on level 6 of the Dungeon.
             The game lasted 00:13:38 (5648 turns).

letownia2 the Reanimator (Deep Dwarf Necromancer)   Turns: 5648, Time: 00:13:38

Health: -11/64     AC:  7    Str: 13    XL:     8   Next: 69%
Magic:  16/27      EV: 15    Int: 17    God:    Gozag
Gold:   1095       SH:  0    Dex: 13    Spells: 17/21 levels left

rFire    . . .     SeeInvis .   a - +1 hand axe (chop)
rCold    . . .     Gourm    .   (no shield)
rNeg     . . .     Faith    .   e - +0 ring mail
rPois    .         Spirit   .   (no helmet)
rElec    .         Reflect  .   E - +0 cloak
rCorr    .         Harm     .   (no gloves)
MR       +....                  t - +0 pair of boots
Stlth    +.........             (no amulet)
Regen    0.0/turn               h - ring of magical power
MPRegen  0.2/turn               u - +4 ring of evasion

@: gold aura, very slightly contaminated, non-regenerating
A: damage resistance, heal wounds, sense surroundings 1, no regeneration
a: Heal Wounds, Potion Petition, Call Merchant, Bribe Branch, Renounce Religion


You were on level 6 of the Dungeon.
You worshipped Gozag.
Gozag was most pleased with you.
You were not hungry.

You visited 1 branch of the dungeon, and saw 7 of its levels.

You collected 1182 gold pieces.
You spent 39 gold pieces at shops.
You paid 48 gold pieces to Gozag.

Inventory:

Hand Weapons
 a - a +1 hand axe of chopping (weapon)
 b - a +0 war axe
 y - a +0 dagger
 z - a +2 quarterstaff of chaos
Missiles
 s - 78 bolts
Armour
 e - a +0 ring mail (worn)
 t - a +0 pair of boots (worn)
 E - a +0 cloak (worn)
 N - a cursed +0 plate armour
Jewellery
 h - a ring of magical power (left hand)
 u - a +4 ring of evasion (right hand)
 L - an uncursed ring of flight {unknown}
 O - a cursed ring of protection from fire {unknown}
Wands
 p - a wand of paralysis (18/24)
 I - a wand of random effects (31/48)
 J - a wand of flame (16/48)
 P - a wand of scattershot (5/9)
Scrolls
 d - 4 scrolls of teleportation {unknown}
 g - 2 scrolls of remove curse
 i - 5 scrolls of identify
 k - a scroll of enchant armour {unknown}
 l - a scroll of amnesia {unknown}
 n - a scroll of enchant weapon {unknown}
 w - 2 scrolls of fog {unknown}
 x - 3 scrolls of magic mapping {unknown}
 A - a scroll of random uselessness {unknown}
 B - a scroll of fear {unknown}
 K - a scroll of vulnerability {unknown}
 M - a scroll of silence {unknown}
Potions
 f - 3 potions of agility {unknown}
 j - a potion of mutation {unknown}
 o - 4 potions of heal wounds {unknown}
 q - 2 potions of curing {unknown}
 v - a potion of resistance {unknown}
 C - 3 potions of magic {unknown}
 G - 2 potions of lignification
 H - 2 potions of flight {unknown}
 Q - a potion of ambrosia {unknown}
Books
 r - a book of Necromancy

   Spells                             Type                      Level
   a - Pain                           Necromancy                   1
   b - Animate Skeleton               Necromancy                   1
   c - Vampiric Draining              Necromancy                   3
   d - Regeneration                   Charms/Necromancy            3
   e - Animate Dead                   Necromancy                   4
   f - Control Undead                 Necromancy                   4
 D - a book of Misfortune

   Spells                             Type                      Level
   a - Confusing Touch                Hexes                        1
   b - Confuse                        Hexes                        3
   c - Gell's Gravitas                Translocation                3
   d - Petrify                        Transmutation/Earth          4
   e - Metabolic Englaciation         Hexes/Ice                    5
   f - Yara's Violent Unravelling     Hexes/Transmutation          5
 F - a book of Minor Magic

   Spells                             Type                      Level
   a - Magic Dart                     Conjuration                  1
   b - Blink                          Translocation                2
   c - Call Imp                       Summoning                    2
   d - Slow                           Hexes                        2
   e - Conjure Flame                  Conjuration/Fire             3
   f - Mephitic Cloud                 Conjuration/Poison/Air       3
Comestibles
 c - 8 bread rations
 m - 3 fruits


   Skills:
 - Level 1.5 Fighting
 - Level 2.3 Axes
 - Level 2.1 Dodging
 - Level 2.4 Stealth
 + Level 7.0 Spellcasting
 - Level 8.0 Necromancy
 + Level 4.0 Evocations


You had 17 spell levels left.
You knew the following spells:

 Your Spells              Type           Power        Failure   Level  Hunger
a - Pain                  Necr           ####         1%          1    None
v - Vampiric Draining     Necr           ####......   2%          3    ##.....


Dungeon Overview and Level Annotations

Branches:
Dungeon (7/15)             Temple (0/1) D:7

Altars:
Ashenzari
Dithmenos
Elyvilon
Fedhas
Gozag
Makhleb
Ru
Vehumet
Xom
Yredelemnul
Zin

Shops:
D:6 %!

Annotations:
D:6 exclusion: crimson imp


Innate Abilities, Weirdness & Mutations

You are resistant to damage.
You can heal yourself by infusing magical energy.
You passively map a small area around you.
You do not regenerate.


Message History

You are very lightly contaminated with residual magic.
Pain shoots through your body.
The ogre hits you with a giant spiked club!!
* * * LOW HITPOINT WARNING * * *
Casting: Vampiric Draining
Confirm with . or Enter, or press ? or * to list all spells.
Aiming: Vampiric Draining
Press: ? - help, Shift-Dir - straight line, f/p - ogre
Aim: an ogre, wielding a giant spiked club (almost dead)
You kill the ogre!
Your Spellcasting skill increases to level 7!
Your Evocations skill increases to level 4!
You feel life coursing into your body.
Unknown command.
Unknown command.
There is a stone staircase leading down here.
The gargoyle hurls a stone arrow at you.
The stone arrow hits you!
You die...
Your body crumbles into a pile of gold. * * , $$$$ , , * , $$$$ ,, $$$$ ,y , , , , $$$$

. ###########$$$$+
. #...9'....#$$$$
. #....#$.⌠.#$$$$*
. #....#.⌠..#$$$$
$.
#@o..#..9(#$$$$* .
#########(########
#.........#P.
#.).......#..
#.........#..
#.........'.P
############# #.
#.


You could see a gargoyle and an orc.

Vanquished Creatures
  Duvessa (D:6)
  A phantom (D:6)
  4 ogres
  A bullfrog (D:7)
  Dowan (D:6)
  A scorpion (D:5)
  A centaur zombie (D:7)
  A jelly (D:5)
  2 orc priests
  4 orc wizards
  A gnoll shaman (D:5)
  3 hounds
  A centaur skeleton (D:3)
  Crazy Yiuf (D:5)
  Jessica (D:2)
  7 worker ants
  A hound zombie (D:7)
  11 gnolls
  8 adders
  A howler monkey skeleton (D:4)
  A shadow imp (D:5)
  An ooze (D:1)
  An adder zombie (D:5)
  2 adder skeletons (D:4)
  2 worms
  2 dart slugs
  3 leopard geckos
  26 orcs
  5 giant cockroaches
  8 goblins
  6 hobgoblins
  6 jackals
  A quokka (D:6)
  9 bats
  5 frilled lizards
  A jackal skeleton (D:4)
  11 kobolds
  A leopard gecko skeleton (D:6)
  11 rats
154 creatures vanquished.

Notes
Turn   | Place    | Note
-------+----------+-------------------------------------------
     0 | D:1      | letownia2 the Deep Dwarf Necromancer began the quest for the Orb.
     0 | D:1      | Reached XP level 1. HP: 15/15 MP: 3/3
   307 | D:3      | Reached skill level 5 in Necromancy
   307 | D:3      | Reached XP level 2. HP: 22/22 MP: 5/5
   323 | D:2      | Reached XP level 3. HP: 24/28 MP: 0/6
   328 | D:2      | Learned a level 3 spell: Vampiric Draining
   529 | D:4      | Found an opulent altar of Gozag.
   550 | D:4      | Became a worshipper of Gozag Ym Sagoz the Greedy
   621 | D:4      | Reached skill level 6 in Necromancy
   642 | D:4      | Reached XP level 4. HP: 28/36 MP: 7/7
   923 | D:4      | Reached XP level 5. HP: 34/42 MP: 9/9
  1152 | D:4      | Reached skill level 7 in Necromancy
  1159 | D:4      | Reached XP level 6. HP: 30/49 MP: 8/10
  1532 | D:3      | Found an opulent altar of Gozag.
  1763 | D:2      | Noticed Jessica
  1766 | D:2      | Killed Jessica
  2149 | D:2      | Reached skill level 1 in Fighting
  2873 | D:3      | Found a white marble altar of Elyvilon.
  3076 | D:5      | Entered Level 5 of the Dungeon
  3080 | D:5      | Reached XP level 7. HP: 44/57 MP: 12/12
  3225 | D:5      | Reached skill level 1 in Axes
  3289 | D:5      | Found a glowing silver altar of Zin.
  3470 | D:5      | Found a glowing silver altar of Zin.
  3733 | D:5      | Found a runed door.
  3936 | D:5      | Reached skill level 5 in Spellcasting
  3958 | D:5      | Reached skill level 8 in Necromancy
  4036 | D:5      | Noticed Crazy Yiuf
  4039 | D:5      | Killed Crazy Yiuf
  4293 | D:6      | Found Nifriu's Distillery.
  4305 | D:6      | Bought a potion of lignification for 39 gold pieces
  4333 | D:6      | Found Voxtysk's Food Shoppe.
  4537 | D:6      | Noticed Dowan
  4538 | D:6      | Noticed Duvessa
  4566 | D:6      | Killed Duvessa
  4566 | D:6      | Reached XP level 8. HP: 52/64 MP: 10/16
  4567 | D:6      | Killed Dowan
  4576 | D:6      | Found a shadowy altar of Dithmenos.
  4576 | D:6      | Found a basalt altar of Yredelemnul.
  4576 | D:6      | Found a sacrificial altar of Ru.
  4615 | D:6      | Found a radiant altar of Vehumet.
  4882 | D:6      | Found a shimmering altar of Xom.
  4882 | D:6      | Found a burning altar of Makhleb.
  4980 | D:7      | Found a shattered altar of Ashenzari.
  5069 | D:7      | Found a staircase to the Ecumenical Temple.
  5117 | D:7      | Reached skill level 1 in Evocations
  5132 | D:7      | Found a glowing silver altar of Zin.
  5456 | D:7      | Found a blossoming altar of Fedhas.
  5619 | D:6      | Noticed a gargoyle
  5620 | D:6      | Noticed a hornet
  5648 | D:6      | Killed from afar by a gargoyle

Skill      XL: |  1  2  3  4  5  6  7  8 |
---------------+-------------------------+-----
Spellcasting   | 2 3 5 7 |  7.0
Necromancy     | 5 6 7 8 |  8.0
Fighting       | 1 |  1.5
Axes           | 2 |  2.3
Evocations     | 4 |  4.0
Dodging        | |  2.1
Stealth        | |  2.4

Action                   |  1- 3 |  4- 6 |  7- 9 || total
-------------------------+-------+-------+-------++-------
Melee: Unarmed           |     1 |       |       ||     1
       Dagger            |     5 |       |       ||     5
       Spear             |       |    67 |       ||    67
       Hand axe          |       |       |    94 ||    94
 Cast: Pain              |    32 |   145 |   100 ||   277
       Vampiric Draining |     5 |    13 |    17 ||    35
  Use: Scroll            |       |     1 |     1 ||     2
  Eat: Chunk             |     1 |       |       ||     1
       Bread ration      |       |     1 |       ||     1
       Meat ration       |       |     1 |     1 ||     2
       Royal jelly       |       |       |     3 ||     3
Armor: Robe              |     1 |       |       ||     1
       Ring mail         |    10 |    33 |    32 ||    75
Dodge: Dodged            |    17 |    52 |    94 ||   163
